 Dungeon Crawl Stone Soup version 0.29.1-15-g9cfb28693d (webtiles) character file.

Game seed: 12015697279185056703

618 Hugehornet the Covert (level 7, -11/60 HPs)
             Began as a Kobold Brigand on Mar 13, 2023.
             Mangled by Duvessa
             ... wielding a +0 rapier
              (16 damage)
             ... on level 4 of the Dungeon.
             The game lasted 00:11:51 (4579 turns).

Hugehornet the Covert (Kobold Brigand)              Turns: 4579, Time: 00:11:52

Health: -11/60     AC:  4    Str: 14    XL:     7   Next: 74%
Magic:  16/16      EV: 14    Int: 18    God:
Gold:   85         SH:  0    Dex: 15    Spells: 6/6 levels left

rFire   + . .      SeeInvis .   a - +2 dagger
rCold   . . .      Faith    .   (no shield)
rNeg    . . .      Spirit   .   y - +1 robe {rF+}
rPois   .          Reflect  .   (no helmet)
rElec   .          Harm     .   c - +0 cloak
rCorr   .          Rampage  .   (no gloves)
Will    .....      Rage     3%  (no boots)
Stlth   ..........              (no amulet)
HPRegen 0.20/turn               l - ring of magical power
MPRegen 0.15/turn               z - +6 ring of strength

@: berserking, very quick
A: small, no large weapons, nightstalker 3, berserk 1, clever 1
a: no special abilities


You were on level 4 of the Dungeon.
You visited 1 branch of the dungeon, and saw 5 of its levels.

You collected 232 gold pieces.
You spent 147 gold pieces at shops.

Inventory:

Hand Weapons
 a - a +2 dagger (weapon)
 u - a +1 whip of electrocution
Missiles
 d - 14 poisoned darts (quivered)
 e - 3 curare-tipped darts
Armour
 c - a +0 cloak (worn)
 y - a +1 robe of fire resistance (worn)
Jewellery
 l - a ring of magical power (left hand)
 z - a +6 ring of strength (right hand)
Scrolls
 b - a scroll of silence {unknown}
 f - a scroll of amnesia {unknown}
 j - 3 scrolls of butterflies {unknown}
 k - a scroll of immolation {unknown}
 n - 9 scrolls of identify
 p - 4 scrolls of teleportation {unknown}
 q - a scroll of enchant armour {unknown}
 s - a scroll of magic mapping {unknown}
 v - 2 scrolls of vulnerability {unknown}
Potions
 g - 3 potions of mutation
 i - a potion of invisibility {unknown}
 m - 4 potions of brilliance
 o - 4 potions of might {unknown}
 r - 3 potions of berserk rage
 t - 2 potions of heal wounds {unknown}
 w - a potion of attraction {unknown}
 x - a potion of resistance {unknown}


   Skills:
 - Level 2.1 Fighting
 + Level 4.7 Short Blades
 - Level 2.1 Throwing
 - Level 1.2 Dodging
 * Level 11.5 Stealth


You had 6 spell levels left.
You didn't know any spells.
Your spell library contained the following spells:

 Spells                   Type           Power      Damage    Failure   Level
 Dazzling Flash           Conj/Hex       0%         N/A       54%         3
 Animate Armour           Summ/Erth      0%         N/A       91%         4
 Fulminant Prism          Conj/Hex       0%         3d6       91%         4
 Iskenderun's Mystic Bla  Conj/Tloc      0%         2d3       91%         4
 Agony                    Necr           0%         N/A       99%         5
 Blade Hands              Tmut           0%         N/A       99%         5
 Lee's Rapid Deconstruct  Erth           0%         3d5*      99%         5
 Silence                  Hex/Air        0%         N/A       99%         5
 Iron Shot                Conj/Erth      0%         9d1       100%        6


Dungeon Overview and Level Annotations

Branches:
Dungeon (5/15)
 Temple: D:4-7

Altars:
Hepliaklqana
Qazlal

Shops:
D:5 *

Annotations:
D:4 Duvessa


Innate Abilities, Weirdness & Mutations

You are small and have problems with some larger weapons.
You are completely attuned to the shadows.
You sometimes lose your temper in combat.
Your mind is acute. (Int +4, Str/Dex -1)


Message History

Unknown command.
Found a stone staircase leading up.
A phantom comes into view.
Found an escape hatch in the floor.
Dowan, Brother of Duvessa comes into view.
He is wielding a +0 dagger and wearing a +2 robe of the Archmagi.
Duvessa, Sister of Dowan comes into view.
She is wielding a +0 rapier.
The helpless Dowan fails to defend himself.
You skewer Dowan like a kebab!!!
You kill Dowan!
Duvessa screams, "No!
How DARE you!"
Duvessa goes berserk!
Duvessa rages.
Found a ring mail.
There is a stone staircase leading up here.
Duvessa hits you with a +0 rapier!
You climb upwards.
There is a stone staircase leading down here.
It was a potion of mutation.
You feel extremely strange.
You feel a little pissed off.
You feel clever. Duvessa hits you with a +0 rapier!
Duvessa completely misses you.
It was a potion of curing.
You feel better. Duvessa hits you with a +0 rapier.
As you read the scroll labelled CUCROU PIGUPPA, it crumbles to dust.
It is a scroll of identify.
m - 4 potions of brilliance Duvessa barely misses you.
Duvessa hits you with a +0 rapier!!
Ouch! That really hurt!
* * * LOW HITPOINT WARNING * * *
You feel better. Duvessa hits you with a +0 rapier.
* * * LOW HITPOINT WARNING * * *
You feel better. Duvessa hits you with a +0 rapier!
* * * LOW HITPOINT WARNING * * *
Duvessa hits you with a +0 rapier.
* * * LOW HITPOINT WARNING * * *
It was a potion of berserk rage.
A red film seems to cover your vision as you go berserk!
You feel yourself moving faster!
You feel mighty! Duvessa hits you with a +0 rapier.
* * * LOW HITPOINT WARNING * * *
Duvessa attacks as you move away! Duvessa hits you with a +0 rapier!
You die...

######### #.......#
#.#####.# ########
#.#####@##### #......#
#.##..e.....# #.####.##
#.##.##.###.####.#......
#.......# #........##.#.
####.#### ######........
#.# #..###.#. #.#
#......#. #[#
#######.##.... #.###
#........#.##.


You could see Duvessa (berserk).

Vanquished Creatures
  Sigmund (D:5)
  A centaur (D:5)
  A necrophage (D:4)
  Dowan (D:5)
  A hound (D:5)
  An orc priest (D:4)
  2 iguanas (D:5)
  A gnoll (D:5)
  6 adders
  4 dart slugs
  7 orcs (D:4)
  7 endoplasms
  8 giant cockroaches
  7 goblins
  5 hobgoblins
  9 jackals
  2 quokkas (D:1)
  4 ball pythons
  2 bats
  2 frilled lizards
  4 kobolds
  3 rats
79 creatures vanquished.

Notes
Turn   | Place    | Note
-------+----------+-------------------------------------------
     0 | D:1      | Hugehornet the Kobold Brigand began the quest for the Orb.
     0 | D:1      | Reached XP level 1. HP: 12/12 MP: 1/1
    67 | D:1      | Reached XP level 2. HP: 17/17 MP: 2/2
   130 | D:1      | Reached skill level 6 in Stealth
   822 | D:1      | Reached XP level 3. HP: 21/21 MP: 3/3
  1102 | D:2      | Reached skill level 7 in Stealth
  1726 | D:2      | Reached XP level 4. HP: 22/26 MP: 4/4
  2342 | D:3      | Found a stormy altar of Qazlal.
  2349 | D:3      | Found a hazy altar of Hepliaklqana.
  2636 | D:4      | Reached skill level 8 in Stealth
  2636 | D:4      | Reached XP level 5. HP: 24/30 MP: 5/5
  2921 | D:4      | Reached skill level 9 in Stealth
  3237 | D:4      | Reached XP level 6. HP: 29/35 MP: 6/6
  3932 | D:5      | Entered Level 5 of the Dungeon
  3932 | D:5      | Noticed Sigmund
  3936 | D:5      | Killed Sigmund
  3937 | D:5      | Reached skill level 10 in Stealth
  3937 | D:5      | Reached XP level 7. HP: 40/40 MP: 7/7
  4065 | D:5      | Found Uttacag's Assorted Antiques.
  4070 | D:5      | Bought a scroll labelled ACASEA PIEWKOSOS for 31 gold
                  | pieces
  4070 | D:5      | Bought a scroll labelled CUCROU PIGUPPA for 31 gold pieces
  4070 | D:5      | Bought a fuming purple potion for 27 gold pieces
  4070 | D:5      | Bought a scroll labelled BIHA ETOHUGHUWN for 31 gold pieces
  4070 | D:5      | Bought a fuming purple potion for 27 gold pieces
  4153 | D:5      | Reached skill level 11 in Stealth
  4564 | D:5      | Noticed Dowan
  4567 | D:5      | Noticed Duvessa
  4568 | D:5      | Killed Dowan
  4573 | D:4      | Gained mutation: You sometimes lose your temper in combat.
                  | [potion of mutation]
  4573 | D:4      | Gained mutation: Your mind is acute. (Int +4, Str/Dex -1)
                  | [potion of mutation]
  4579 | D:4      | Mangled by Duvessa

Illustrated notes

Levels and vault maps discovered:
D:1:      spicycebolla_arrival_ecumenical, layout_basic
D:2:      layout_loops_corners
D:3:      layout_rooms, amethyst_overflow_temple_binary
D:4:      layout_loops_cross
D:5:      layout_cave_pods, serial_shops, kennysheep_little_box,
          uniq_blork_the_orc, uniq_duvessa, uniq_sigmund

Skill      XL: |  1  2  3  4  5  6  7 |
---------------+----------------------+-----
Stealth        | 6 7 8 9 10 11 | 11.5
Short Blades   | 3 4 |  4.7
Fighting       | |  2.1
Throwing       | |  2.1
Dodging        | |  1.2

Action                   |  1- 3 |  4- 6 |  7- 9 || total
-------------------------+-------+-------+-------++-------
Melee: Dagger            |    73 |   117 |    42 ||   232
       Punch             |       |     2 |     2 ||     4
  Use: Potion            |       |       |     5 ||     5
       Scroll            |       |       |     1 ||     1
 Stab: Sleeping          |    18 |    14 |     4 ||    36
       Distracted        |     1 |     1 |       ||     2
Armor: Robe              |     8 |     9 |     4 ||    21
Dodge: Dodged            |    42 |    63 |    31 ||   136
